 Dungeon Crawl Stone Soup version 0.31-a0-826-ga5cc291a1b (webtiles) character file.

Game seed: 1954831785395618341

300 qw the Shooter (level 6, 0/38 HPs)
             Began as a Gargoyle Hunter on Sept 23, 2023.
             Slain by Duvessa
             ... wielding a +0 rapier
              (8 damage)
             ... on level 4 of the Dungeon.
             The game lasted 00:01:04 (2647 turns).

qw the Shooter (Gargoyle Hunter)                    Turns: 2647, Time: 00:01:04

Health: 0/38       AC: 11    Str: 14    XL:     6   Next: 36%
Magic:  6/6        EV: 10    Int: 10    God:
Gold:   130        SH:  0    Dex: 15    Spells: 5/5 levels left

rFire   . . .        Y - +2 shortbow
rCold   . . .        (shield currently unavailable)
rNeg    + . .        k - +0 ring mail
rPois   inf          j - +1 helmet
rElec   +            b - scarf {repulsion}
rCorr   .            (no gloves)
SInv    +            (no boots)
Will    .....        (no amulet)
Stlth   +            e - ring of see invisible
HPRegen 0.26/turn    (no ring)
MPRegen 0.10/turn

%: repel missiles
@: no status effects
A: sickness immunity, AC +4, negative energy resistance 1, electricity
resistance, torment resistance 1, petrification resistance
a: no special abilities


You were on level 4 of the Dungeon.
You visited 1 branch of the dungeon, and saw 4 of its levels.

You collected 154 gold pieces.
You spent 24 gold pieces at shops.


Innate Abilities, Weirdness & Mutations

You are immune to sickness and miasma.
Your stone body is resilient. (AC +4)
You are immune to poison.
You resist negative energy. (rN+)
You are resistant to electric shocks. (rElec)
You are resistant to unholy torment.
You are immune to petrification.


   Skills:
 - Level 4.2 Fighting
 + Level 6.5 Ranged Weapons
 - Level 1.0 Armour
 - Level 1.5 Dodging
 - Level 1.1 Stealth


You had 5 spell levels left.
You didn't know any spells.
Your spell library was empty.

Inventory:

Hand Weapons
 Y - a +2 shortbow (weapon)
Armour
 b - a scarf of repulsion (worn)
 j - a +1 helmet (worn)
 k - a +0 ring mail (worn)
 l - a +0 cloak
Jewellery
 e - a ring of see invisible (left hand)
 o - an amulet of reflection
Scrolls
 a - a scroll of identify
 n - a scroll of vulnerability {unknown}
Potions
 c - a potion of mutation {unknown}
 d - a potion of enlightenment {unknown}
 f - 2 potions of might
 g - a potion of degeneration {unknown}
 h - a potion of magic {unknown}
 i - 3 potions of haste {unknown}
 m - a potion of curing {unknown}

Dungeon Overview and Level Annotations

Branches:
Dungeon (4/15)
 Temple: D:4-7

Altars:
Makhleb

Shops:
D:2 *

Annotations:
D:3 2 transporters, qw's ghost, amateur GrHu
D:4 Dowan; Duvessa


Message History

Dowan says, "Magic and the sword, together, will defeat you."
You shoot an arrow. The arrow hits Duvessa!
Duvessa is moderately wounded.
Duvessa closely misses you.
You shoot an arrow.
The arrow hits Duvessa but does no damage.
Duvessa is moderately wounded.
Duvessa says, "My weaknesses are his strengths!"
Duvessa hits you with a +0 rapier.
You shoot an arrow.
The arrow hits Duvessa but does no damage.
Duvessa is moderately wounded.
Duvessa hits you with a +0 rapier! Duvessa closely misses you.
You shoot an arrow.
The arrow hits Duvessa but does no damage.
Duvessa is moderately wounded.
Dowan casts a spell.
Dowan blinks!
Duvessa hits you with a +0 rapier.
You shoot an arrow. The arrow hits Duvessa.
Duvessa is moderately wounded.
Duvessa barely misses you.
You shoot an arrow. The arrow hits Duvessa.
Duvessa is heavily wounded.
Duvessa hits you with a +0 rapier.
You shoot an arrow.
The arrow hits Duvessa but does no damage.
Duvessa is heavily wounded.
Duvessa hits you but does no damage.
You shoot an arrow. The arrow hits Duvessa!
Duvessa is severely wounded.
Duvessa hits you with a +0 rapier.
Dowan smirks and points a slender finger.
You shoot an arrow. The arrow hits Duvessa.
Duvessa is almost dead.
Duvessa hits you with a +0 rapier.
You shoot an arrow.
The arrow hits Duvessa but does no damage.
Duvessa is almost dead.
Duvessa hits you with a +0 rapier. Duvessa hits you with a +0 rapier!
You die...

#..... ##### #.....
#...# ###..... #..<#
#....... #..)#
#.......
##############'#
#.......
#..............#
#.....%.
#..............#
#.......
######..##@####
##+#.......
#[.##e##.###....##'#..
#....e.'...#....#..#..
#......#...#....#..#..
#.....##...#e...#..#..
####'#####'#....####..
#.....#...............
+.....#...............
#.....#...............


You could see Duvessa and Dowan.

Vanquished Creatures
  An ogre (D:4)
  A scorpion (D:4)
  A sleepcap (D:4)
  An orc wizard (D:3)
  3 gnolls (D:2)
  3 worms
  2 dart slugs (D:1)
  2 orcs (D:3)
  7 endoplasms
  4 giant cockroaches
  6 goblins
  5 hobgoblins
  3 jackals (D:1)
  5 kobolds
  A quokka (D:1)
  10 ball pythons
  A bat (D:3)
  A frilled lizard (D:1)
  5 rats
62 creatures vanquished.

Notes
Turn   | Place    | Note
-------+----------+-------------------------------------------
     0 | D:1      | qw the Gargoyle Hunter began the quest for the Orb.
     0 | D:1      | Reached XP level 1. HP: 12/12 MP: 1/1
     0 | D:1      | 0 ||| qw: Version: 0.3-a-83-gcd0e7d8
     0 | D:1      | 0 ||| qw: Game counter: 1908
     0 | D:1      | 0 ||| qw: Melee chars always use a shield: true
     0 | D:1      | 0 ||| qw: God list: Okawaru
     0 | D:1      | 0 ||| qw: Allow faded altars: false
     0 | D:1      | 0 ||| qw: Do Orc after clearing Dungeon:15 true
     0 | D:1      | 0 ||| qw: Do second Lair branch before Depths: true
     0 | D:1      | 0 ||| qw: Lair rune preference: random
     0 | D:1      | 0 ||| qw: Goals: Normal
     0 | D:1      | 0 ||| PLANNING D:1-11
    11 | D:1      | 11 ||| Stepping ~*~*~tactically~*~*~ (retreating).
    29 | D:1      | Reached XP level 2. HP: 6/17 MP: 2/2
   202 | D:1      | Reached XP level 3. HP: 21/21 MP: 3/3
   377 | D:1      | Reached skill level 5 in Ranged Weapons
   451 | D:1      | 451 ||| UPGRADING to +0 ring mail.
   461 | D:1      | 461 ||| DROPPING +0 leather armour.
   462 | D:1      | 462 ||| READING 2 scrolls labelled JANNOL FAREA.
   463 | D:1      | 463 ||| READING scroll labelled AVE RIS CIATWYNN.
   464 | D:1      | 464 ||| READING scroll labelled YPLYRI CAMA.
   465 | D:1      | 465 ||| DROPPING scroll of butterflies.
   499 | D:2      | 499 ||| FLEEEEING.
   500 | D:2      | 500 ||| FLEEEEING.
   501 | D:2      | 501 ||| FLEEEEING.
   502 | D:2      | 502 ||| FLEEEEING.
   533 | D:2      | Reached skill level 1 in Armour
   620 | D:2      | 620 ||| Stepping ~*~*~tactically~*~*~ (retreating).
   633 | D:2      | Reached skill level 3 in Fighting
   633 | D:2      | Reached XP level 4. HP: 21/28 MP: 4/4
   925 | D:2      | Found a burning altar of Makhleb.
  1015 | D:2      | Found Viahori's General Store.
  1020 | D:2      | 1020 ||| BUYING scroll of identify (24 gold).
  1020 | D:2      | Bought a scroll of identify for 24 gold pieces
  1408 | D:2      | 1408 ||| UPGRADING to ring of see invisible.
  1409 | D:2      | 1409 ||| READING scroll labelled FAYGOL RIA.
  1410 | D:2      | 1410 ||| READING scroll labelled MUKAFE MUTIU.
  1411 | D:2      | 1411 ||| READING scroll labelled ROKUIX QAMORU.
  1412 | D:2      | 1412 ||| DRINKING 2 fizzy orange potions.
  1413 | D:2      | 1413 ||| READING 2 scrolls of identify.
  1413 | D:2      | 1413 ||| IDENTIFYING metallic emerald potion
  1414 | D:2      | 1414 ||| DROPPING potion of lignification.
  1450 | D:3      | Found a transporter.
  1459 | D:3      | Noticed qw's ghost (amateur GrHu)
  1509 | D:3      | Found a transporter.
  1756 | D:3      | 1756 ||| READING scroll of enchant weapon.
  1756 | D:3      | 1756 ||| ENCHANTING +1 shortbow.
  1972 | D:3      | 1972 ||| FLEEEEING.
  1981 | D:3      | Reached XP level 5. HP: 30/32 MP: 5/5
  2094 | D:3      | 2094 ||| UPGRADING to scarf of repulsion.
  2099 | D:3      | 2099 ||| UPGRADING to +1 helmet.
  2104 | D:3      | 2104 ||| DROPPING ring of wizardry.
  2228 | D:4      | Reached skill level 6 in Ranged Weapons
  2246 | D:4      | Noticed an ogre
  2255 | D:4      | Killed an ogre
  2256 | D:4      | Reached XP level 6. HP: 23/38 MP: 6/6
  2609 | D:4      | Noticed Dowan
  2610 | D:4      | Noticed Duvessa
  2611 | D:4      | 2611 ||| RETREEAATING.
  2612 | D:4      | 2612 ||| STILL RETREEAATING.
  2613 | D:4      | 2613 ||| STILL RETREEAATING.
  2614 | D:4      | 2614 ||| STILL RETREEAATING.
  2615 | D:4      | 2615 ||| STILL RETREEAATING.
  2616 | D:4      | 2616 ||| STILL RETREEAATING.
  2617 | D:4      | 2617 ||| STILL RETREEAATING.
  2618 | D:4      | 2618 ||| STILL RETREEAATING.
  2619 | D:4      | 2619 ||| STILL RETREEAATING.
  2620 | D:4      | 2620 ||| STILL RETREEAATING.
  2622 | D:4      | 2622 ||| RETREEAATING.
  2624 | D:4      | 2624 ||| RETREEAATING.
  2626 | D:4      | 2626 ||| Stepping ~*~*~tactically~*~*~ (retreating).
  2628 | D:4      | 2628 ||| Stepping ~*~*~tactically~*~*~ (retreating).
  2629 | D:4      | 2629 ||| Stepping ~*~*~tactically~*~*~ (retreating).
  2630 | D:4      | 2630 ||| Stepping ~*~*~tactically~*~*~ (retreating).
  2631 | D:4      | 2631 ||| Stepping ~*~*~tactically~*~*~ (retreating).
  2632 | D:4      | 2632 ||| Stepping ~*~*~tactically~*~*~ (retreating).
  2633 | D:4      | 2633 ||| Stepping ~*~*~tactically~*~*~ (retreating).
  2634 | D:4      | 2634 ||| Stepping ~*~*~tactically~*~*~ (retreating).
  2647 | D:4      | HP: 8/38 [Duvessa/+0 rapier (2)]
  2647 | D:4      | Slain by Duvessa

Levels and vault maps discovered:
D:1:      erik_arrival_blinker_ship, layout_rooms, serial_park_tiny_pond
D:2:      layout_basic, serial_shops, nicolae_shop_behind_doors, basic_altar,
          minmay_misc_feat_room, kennysheep_generic_room_3
D:3:      layout_loops_ring, gammafunk_ghost_stat_death
D:4:      layout_gridville, uniq_duvessa, uniq_eustachio

Skill      XL: |  1  2  3  4  5 |
---------------+----------------+-----
Ranged Weapons | 5 6 |  6.5
Armour         | 1 |  1.0
Fighting       | 3 4 |  4.2
Dodging        | |  1.5
Stealth        | |  1.1

Action                     |  1- 3 |  4- 6 || total
---------------------------+-------+-------++-------
   Fire: Shortbow          |   102 |   110 ||   212
    Use: Scroll            |     3 |     5 ||     8
         Potion            |       |     1 ||     1
 Armour: Leather armour    |    20 |       ||    20
         Ring mail         |    12 |    36 ||    48
  Dodge: Dodged            |    35 |    20 ||    55

Table legend:
 A = Non-vault XP
 B = Vault XP
 C = Vault XP percentage of total XP
 D = Non-vault monster count
 E = Vault monster count
 F = Vault count percentage of total count
                 A         B        C        D         E       F
            +---------+---------+-------+---------+---------+-------
      Total |     427 |       2 |   0.5 |      61 |       1 |   1.6
            +---------+---------+-------+---------+---------+-------
        D:1 |      41 |       0 |   0.0 |      24 |       0 |   0.0
        D:2 |      75 |       2 |   2.6 |      19 |       1 |   5.0
        D:3 |      55 |       0 |   0.0 |      11 |       0 |   0.0
        D:4 |     256 |       0 |   0.0 |       7 |       0 |   0.0
            +---------+---------+-------+---------+---------+-------
